 Dungeon Sprint DCSS version 0.31-a0-728-g01b46875f1 (webtiles) character file.

Game seed: 11510281624786721466

595 sircluck the Grappler (level 7, -6/80 HPs)
             Began as a Troll Berserker on Sept 11, 2023.
             Was a High Priest of Trog.
             Mangled by a jumping spider (15 damage)
             ... in the Dungeon (Sprint VII: "The Pits").
             The game lasted 00:01:11 (360 turns).

sircluck the Grappler (Troll Berserker)              Turns: 360, Time: 00:01:12

Health: -6/80      AC:  6    Str: 28    XL:     7   Next: 17%
Magic:  6/6        EV: 11    Int:  3    God:    Trog [*****.]
Gold:   0          SH:  0    Dex:  9    Spells: 6/6 levels left

rFire   . .          .
                       - Unarmed
rCold   . . .        (no shield)
rNeg    . . .        a - +0 animal skin
rPois   .            (helmet restricted)
rElec   .            k - +1 cloak {Stlth+}
rCorr   .            (gloves unavailable)
SInv    .            (boots unavailable)
Will    .....        (no amulet)
Stlth   ++           (no ring)
HPRegen 1.13/turn    (no ring)
MPRegen 0.10/turn

%: no teleportation
@: confused
A: large, unfitting armour, claws 3, regeneration 1, shaggy fur 1, tough skin 1
a: Renounce Religion, Berserk, Trog's Hand, Brothers in Arms


You were in the Dungeon.
You worshipped Trog.
Trog was extremely pleased with you.
You visited 1 branch

Inventory:

Armour
 a - a +0 animal skin (worn)
 k - a +1 cloak of stealth (worn)
Scrolls
 g - a scroll of blinking
 i - 2 scrolls of vulnerability
 j - a scroll of butterflies
Potions
 b - 6 potions of curing
 c - 6 potions of heal wounds
 d - a potion of haste
 e - 4 potions of magic
 f - 3 potions of berserk rage
 h - 2 potions of invisibility


   Skills:
 + Level 8.0 Fighting
 + Level 7.9 Dodging
 + Level 9.5 Unarmed Combat


You had 6 spell levels left.
You didn't know any spells.
Your spell library was empty.

Dungeon Overview and Level Annotations

Branches:
Dungeon (1/1)

Altars:
Cheibriados
Dithmenos
Elyvilon
Fedhas
Gozag
Hepliaklqana
Makhleb
Nemelex Xobeh
Okawaru
Qazlal
Ru
Sif Muna
Trog
Wu Jian
Xom
Yredelemnul
Zin
The Shining One
Jiyva


Innate Abilities, Weirdness & Mutations

You are too large for most types of armour.
You have claws for hands.
Your natural rate of healing is unusually fast.
You are covered in fur. (AC +1)
You have tough skin. (AC +1)


Message History

You are too confused!
You are too confused!
You are too confused!
You are too confused!
You are too confused!
The tarantella attacks as it pursues you!
The tarantella touches you.
You are more confused.
The tarantella touches you.
The jumping spider leaps!
You see here a +0 trident.
You miss the tarantella.
The tarantella is moderately wounded.
The tarantella closely misses you.
The jumping spider leaps!
You claw the tarantella!
The tarantella is severely wounded.
The tarantella closely misses you.
The jumping spider leaps!
You bump into the metal wall.
The tarantella touches you!
You are more confused.
The tarantella touches you.
You claw the tarantella!
The tarantella is almost dead.
The tarantella touches you!
You bump into the metal wall.
The tarantella barely misses you. The tarantella touches you!
* * * LOW HITPOINT WARNING * * *
You are more confused.
You're too confused to move!
The tarantella touches you!
* * * LOW HITPOINT WARNING * * *
The jumping spider misses you. The jumping spider barely misses you.
You closely miss the tarantella.
The tarantella is almost dead.
The tarantella closely misses you. The jumping spider barely misses you.
The jumping spider closely misses you.
You bump into the metal wall.
The tarantella touches you.
* * * LOW HITPOINT WARNING * * *
The jumping spider misses you. The jumping spider bites you.
* * * LOW HITPOINT WARNING * * *
The tarantella touches you but does no damage.
The jumping spider pounces on you!
You die...

#.##'#.....##...<...###.h.
#.#........##.......# #..
#.#........##.......# .#
#'###########.......#
#†......#..##########
#..#.#..#†######
#.##.##.#†#....#
#.......#)#....#
#.##.##.#@sg...+
#..#.#..#s#....#
#.......'.#....#
################


You could see a jumping spider, a tarantella and a goblin.

Vanquished Creatures
  A red devil (D)
  A warg (D)
  A bullfrog (D)
  A necrophage (D)
  A scorpion (D)
  Crazy Yiuf (D)
  A gnoll (D)
  An adder (D)
  2 river rats (D)
  A white imp (D)
  An adder skeleton (D)
  An orc (D)
  An endoplasm (D)
  A giant cockroach (D)
  2 goblins (D)
  3 jackals (D)
  A frilled lizard (D)
  A rat (D)
22 creatures vanquished.

Notes
Turn   | Place    | Note
-------+----------+-------------------------------------------
     0 | D        | sircluck the Troll Berserker began the quest for the Orb.
     0 | D        | Reached XP level 1. HP: 22/22 MP: 0/0
    56 | D        | Found a bloodstained altar of Trog.
    56 | D        | Found a shimmering blue altar of Sif Muna.
    56 | D        | Found a viscous altar of Jiyva.
    56 | D        | Found a hazy altar of Hepliaklqana.
    56 | D        | Found an opulent altar of Gozag.
    57 | D        | Found a glowing golden altar of the Shining One.
    57 | D        | Found a glowing silver altar of Zin.
    57 | D        | Found a basalt altar of Yredelemnul.
    57 | D        | Found a shimmering altar of Xom.
    57 | D        | Found an ornate altar of the Wu Jian Council.
    57 | D        | Found a sacrificial altar of Ru.
    57 | D        | Found a stormy altar of Qazlal.
    57 | D        | Found an iron altar of Okawaru.
    57 | D        | Found a sparkling altar of Nemelex Xobeh.
    57 | D        | Found a burning altar of Makhleb.
    57 | D        | Found a blossoming altar of Fedhas.
    57 | D        | Found a white marble altar of Elyvilon.
    57 | D        | Found a shadowy altar of Dithmenos.
    57 | D        | Found a snail-covered altar of Cheibriados.
    62 | D        | Noticed a scorpion
    69 | D        | Killed a scorpion
    69 | D        | Reached ** piety under Trog
    70 | D        | Reached skill level 5 in Unarmed Combat
    70 | D        | Reached XP level 2. HP: 32/32 MP: 1/1
    70 | D        | Reached XP level 3. HP: 39/39 MP: 2/2
    88 | D        | Reached *** piety under Trog
    89 | D        | Reached XP level 4. HP: 49/49 MP: 3/3
   172 | D        | Noticed a warg
   190 | D        | Reached **** piety under Trog
   198 | D        | Noticed Crazy Yiuf
   203 | D        | Noticed a necrophage
   213 | D        | Killed Crazy Yiuf
   214 | D        | Reached skill level 5 in Fighting
   214 | D        | Reached skill level 5 in Dodging
   214 | D        | Reached skill level 6 in Unarmed Combat
   219 | D        | Killed a warg
   220 | D        | Reached skill level 7 in Unarmed Combat
   220 | D        | Reached XP level 5. HP: 14/61 MP: 4/4
   227 | D        | Reached skill level 8 in Unarmed Combat
   227 | D        | Reached XP level 6. HP: 8/68 MP: 5/5
   303 | D        | Reached ***** piety under Trog
   311 | D        | Noticed a red devil
   318 | D        | Killed a red devil
   319 | D        | Reached skill level 9 in Unarmed Combat
   319 | D        | Reached XP level 7. HP: 59/80 MP: 6/6
   331 | D        | Received a gift from Trog
   346 | D        | Noticed a jumping spider
   346 | D        | Noticed a tarantella
   360 | D        | Mangled by a jumping spider

Illustrated notes

Levels and vault maps discovered:
D:        pitsprint [storerooms_1, entrance_room_1, metal_vault_5, armoury_2,
          mini_pit_1, grid_room_1, main_hall_1, silver_pit, the_coven_1,
          the_vestibule_1, steel_vault_5, golden_pit, hallway_of_sentries,
          crystal_vault_2, iron_vault_2, final_vault]

Skill      XL: |  1  2  3  4  5  6 |
---------------+-------------------+-----
Fighting       | 4 6 8 |  8.0
Dodging        | 4 6 7 |  7.9
Unarmed Combat | 5 7 8 9 |  9.5

Action                     |  1- 3 |  4- 6 |  7- 9 || total
---------------------------+-------+-------+-------++-------
  Melee: Unarmed           |    20 |    50 |    17 ||    87
         Punch             |       |     1 |     1 ||     2
   Stab: Sleeping          |     1 |       |     1 ||     2
 Armour: Animal skin       |     6 |    33 |    21 ||    60
  Dodge: Dodged            |    10 |    13 |    14 ||    37

Table legend: (Time is in decaauts)
 A = Elapsed time spent in this place.
 B = Non-inter-level travel time spent in this place.
 C = Inter-level travel time spent in this place.
 D = Time resting spent in this place.
 E = Time spent auto-exploring this place.
 F = Levels seen in this place.
 G = Mean time per level.
                   A        B        C        D        E       F      G
               +--------+--------+--------+--------+--------+-----+--------+
         Total |    349 |    349 |      0 |      9 |    135 |   1 |  349.0 |
       Dungeon |    349 |    349 |      0 |      9 |    135 |   1 |  349.0 |
               +--------+--------+--------+--------+--------+-----+--------+

Top non-repeatable levels by time:
       D: 349 daAuts
